 Dungeon Crawl Stone Soup version 0.21-a0-260-g9b2435e (webtiles) character file.

116 zxpr0jk the Insei (level 5, -1/42 HPs)
             Began as a Gnoll Skald on Sept 8, 2017.
             Slain by a phantom (9 damage)
             ... on level 3 of the Dungeon.
             The game lasted 00:04:58 (2905 turns).

zxpr0jk the Insei (Gnoll Skald)                     Turns: 2905, Time: 00:04:58

Health: -1/42      AC:  4    Str:  7    XL:     5   Next: 0%
Magic:  1/9        EV: 11    Int:  7    God:
Gold:   118        SH:  0    Dex:  7    Spells: 7/10 levels left

rFire    . . .     SeeInvis .     - Unarmed
rCold    . . .     Gourm    .   (no shield)
rNeg     . . .     Faith    .   a - +0 leather armour
rPois    .         Spirit   .   (no helmet)
rElec    .         Reflect  .   (no cloak)
rCorr    .         Harm     .   (no gloves)
MR       .....                  h - +0 pair of boots
Stlth    +.........             (no amulet)
HPRegen  0.14/turn              (no ring)
MPRegen  0.11/turn              (no ring)

@: shrouded (expiring), infused, very slightly contaminated
A: unchanging attributes, fangs 1, strong nose
a: no special abilities


You were on level 3 of the Dungeon.
You were not hungry.

You visited 1 branch of the dungeon, and saw 3 of its levels.

You collected 118 gold pieces.

Inventory:

Armour
 a - a +0 leather armour (worn)
 h - a +0 pair of boots (worn)
 n - a +0 pair of gloves
Jewellery
 j - an uncursed ring of stealth {unknown}
Scrolls
 e - a scroll of magic mapping {unknown}
 f - a scroll of immolation {unknown}
 g - 3 scrolls of identify {unknown}
 i - a scroll of enchant armour {unknown}
 m - a scroll of amnesia {unknown}
 o - 2 scrolls of remove curse {unknown}
 p - a scroll of blinking {unknown}
Books
 b - a book of Battle

   Spells                             Type                      Level
   a - Infusion                       Charms                       1
   b - Shroud of Golubria             Charms/Translocation         2
   c - Song of Slaying                Charms                       2
   d - Spectral Weapon                Hexes/Charms                 3
   e - Regeneration                   Charms/Necromancy            3
Comestibles
 c - a bread ration
 k - 4 chunks of flesh
 l - a royal jelly
 q - 2 meat rations


   Skills:
 + Level 4.1 Fighting
 - Level 1.3 Armour
 - Level 2.6 Dodging
 * Level 5.7 Unarmed Combat
 - Level 3.0 Spellcasting
 - Level 4.0 Charms


You had 7 spell levels left.
You knew the following spells:

 Your Spells              Type           Power        Failure   Level  Hunger
a - Infusion              Chrm           #...         10%         1    ##.....
b - Shroud of Golubria    Chrm/Tloc      #.........   32%         2    ###....


Dungeon Overview and Level Annotations

Branches:
Dungeon (3/15)

Altars:


Innate Abilities, Weirdness & Mutations

Your physical attributes are unchanging.
You have very sharp teeth.
Your uncanny sense of smell can sniff out nearby items.


Message History

You miscast Infusion.
Nothing appears to happen.
The phantom blinks!
Casting: Infusion
Confirm with . or Enter, or press ? or * to list all spells.
Space distorts slightly along a thin shroud covering your body.
Casting: Shroud of Golubria
Confirm with . or Enter, or press ? or * to list all spells.
You miscast Infusion.
Strange energies run through your body.
You are no longer magically infusing your attacks.
You closely miss the phantom.
The phantom is almost destroyed.
The phantom blinks!
The phantom blinks!
Casting: Infusion
Confirm with . or Enter, or press ? or * to list all spells.
You begin infusing your attacks with magical energy.
Your shroud begins to fray at the edges.
You hit the phantom.
The phantom is almost destroyed.
The phantom hits you!
You die...

#. #. # .. .# ###. ..
... .# #.#####..#
#.W......#
#.@.....#####
#..####......
######.....#......
#...##..##.#...?.
#...##..##.#...
#...##..##.#.#
#...##.......#
###...##..##...#
#.........##...##.##.


You could see a phantom.

Vanquished Creatures
  Jessica (D:2)
  An adder (D:2)
  4 oozes
  A worm (D:2)
  3 dart slugs
  4 leopard geckos
  An orc (D:2)
  3 ball pythons
  7 bats
  A giant cockroach (D:2)
  6 goblins
  A hobgoblin (D:2)
  4 jackals (D:2)
  4 kobolds
  2 quokkas (D:2)
  2 frilled lizards
  6 rats
51 creatures vanquished.

Notes
Turn   | Place    | Note
-------+----------+-------------------------------------------
     0 | D:1      | zxpr0jk the Gnoll Skald began the quest for the Orb.
     0 | D:1      | Reached XP level 1. HP: 17/17 MP: 4/4
    39 | D:1      | Reached skill level 3 in Unarmed Combat
    63 | D:1      | Reached XP level 2. HP: 15/24 MP: 6/6
   274 | D:1      | Reached skill level 4 in Unarmed Combat
   290 | D:1      | Reached XP level 3. HP: 27/29 MP: 7/7
  1519 | D:2      | Reached XP level 4. HP: 36/37 MP: 8/8
  1584 | D:2      | Noticed Jessica
  1595 | D:2      | Killed Jessica
  1595 | D:2      | Reached skill level 5 in Unarmed Combat
  2798 | D:3      | Learned a level 2 spell: Shroud of Golubria
  2803 | D:3      | Reached XP level 5. HP: 40/42 MP: 9/9
  2828 | D:3      | Noticed a phantom
  2905 | D:3      | Slain by a phantom

Vault maps used:
D:1:      dpeg_arrival_subterranean_lakeside_camping
D:2:      corexii_shack, uniq_jessica
D:3:      grunt_dithmenos_smoke_and_mirrors, minmay_surrounded

Skill      XL: |  1  2  3  4 |
---------------+-------------+-----
Unarmed Combat | 3 4 5 |  5.7
Fighting       | 3 4 |  4.1
Armour         | |  1.3
Dodging        | |  2.6
Spellcasting   | |  3.0
Charms         | |  4.0

Action                   |  1- 3 |  4- 6 || total
-------------------------+-------+-------++-------
Melee: Unarmed           |   135 |   117 ||   252
       Bite              |     6 |     3 ||     9
       Punch             |     2 |     2 ||     4
 Cast: Infusion          |     3 |     7 ||    10
       Shroud of Golubri |       |     4 ||     4
  Use: Potion            |       |     4 ||     4
  Eat: Chunk             |     1 |     1 ||     2
       Bread ration      |       |     2 ||     2
Armor: Leather armour    |    45 |    26 ||    71
Dodge: Dodged            |    81 |    59 ||   140

Table legend:
 A = Spawn XP
 B = Non-spawn XP
 C = Spawn XP percentage of total XP
 D = Spawn monster count
 E = Non-spawn monster count
 F = Spawn count percentage of total count
 G = Total turns spent on level
                    A         B        C        D         E        F      G
               +---------+---------+-------+---------+---------+-------+---------
         Total |       0 |     166 |   0.0 |       0 |      51 |   0.0 |  2905
               +---------+---------+-------+---------+---------+-------+---------
           D:1 |       0 |      43 |   0.0 |       0 |      15 |   0.0 |   497
           D:2 |       0 |     108 |   0.0 |       0 |      29 |   0.0 |  2246
           D:3 |       0 |      15 |   0.0 |       0 |       7 |   0.0 |   162
               +---------+---------+-------+---------+---------+-------+---------
